 Dungeon Crawl Stone Soup version 0.22-a0-605-g9281fa2407 (webtiles) character file.

95 Banto the Sneak (level 4, 0/27 HPs)
             Began as an Octopode Earth Elementalist on July 8, 2018.
             Shot with an arrow by a centaur (15 damage)
             ... on level 3 of the Dungeon.
             The game lasted 00:03:28 (2674 turns).

Banto the Sneak (Octopode Earth Elementalist)       Turns: 2674, Time: 00:03:29

Health: 0/27       AC:  1    Str:  7    XL:     4   Next: 65%
Magic:  7/7        EV: 13    Int: 18    God:
Gold:   124        SH:  0    Dex: 12    Spells: 1/7 levels left

rFire    . . .     SeeInvis .   a - +1 dagger
rCold    . . .     Gourm    .   (no shield)
rNeg     . . .     Faith    .   (helmet restricted)
rPois    .         Spirit   .   (no amulet)
rElec    .         Reflect  .   (no ring)
rCorr    .         Harm     .   (no ring)
MR       .....                  (no ring)
Stlth    ++++......             (no ring)
HPRegen  0.09/turn              (no ring)
MPRegen  0.10/turn              (no ring)
                                (no ring)
                                (no ring)

@: no status effects
A: almost no armour, stealthy swim, amphibious, 8 rings, constrict 8, camouflage
1, gelatinous body 1
a: no special abilities


You were on level 3 of the Dungeon.
You were not hungry.

You visited 1 branch of the dungeon, and saw 3 of its levels.

You collected 124 gold pieces.

Inventory:

Hand Weapons
 a - a +1 dagger (weapon)
 f - a +0 rapier
Missiles
 b - 94 stones (quivered)
Scrolls
 e - 2 scrolls of teleportation
 i - a scroll of enchant armour
Potions
 d - 3 potions of curing
 h - a potion of brilliance
 l - a potion of might {unknown}
 m - a potion of magic {unknown}
 n - a potion of haste {unknown}
Comestibles
 c - 4 rations


   Skills:
 - Level 2.0 Dodging
 + Level 5.1 Stealth
 - Level 2.0 Spellcasting
 - Level 1.0 Transmutations
 + Level 4.2 Earth Magic


You had one spell level left.
You knew the following spells:

 Your Spells              Type           Power        Failure   Level  Hunger
a - Sandblast             Erth           ###...       3%          1    #......
b - Passwall              Tmut/Erth      ##......     10%         2    ###....
c - Stone Arrow           Conj/Erth      #.....       22%         3    ###....

Your spell library contained the following spells:

 Spells                   Type           Power        Failure   Level  Hunger
 Lee's Rapid Deconstruct  Erth           ###.......   65%         5    ######.
 Petrify                  Tmut/Erth      ##......     52%         4    #####..


Dungeon Overview and Level Annotations

Branches:
Dungeon (3/15)

Altars:
Uskayaw


Innate Abilities, Weirdness & Mutations

You cannot wear most types of armour.
You are very stealthy in the water. (Stealth+)
You are amphibious.
You can wear up to eight rings at the same time.
You can use your tentacles to constrict eight enemies at once.
Your skin changes colour to match your surroundings (Stealth+).
Your rubbery body absorbs attacks. (AC +1, EV +1)


Message History

You see here a dagger.
Things that are here:
a dagger; an animal skin; a helmet
There is a stone staircase leading up here.
d - 3 potions of curing (gained 1) HP restored.
The hobgoblin is too close now for your liking.
Health restored: 27 The centaur wields a shortbow.
The centaur shoots an arrow.
The arrow hits you!
You see here an arrow.
You take 8 damage, and have 19/27 hp.
MASSIVE DAMAGE!!
The centaur shoots an arrow.
The arrow barely misses you.
The centaur shoots an arrow.
The arrow hits you.
The centaur shoots an arrow.
The arrow closely misses you.
The goblin shouts!
The hobgoblin shouts!
You see here an arrow.
You take 4 damage, and have 15/27 hp.
The centaur shoots an arrow.
The arrow hits you!
Ouch! That really hurt!
You die...

#.......#... ###########
##........## #.........#
#.......#### #c........#
#..........# #.........#
#.......##.# #.........#
##......#ยง.#
#g..g.....#####.....#.##
##....(.(...............
#......@(...............
#.........####..#.###.#. .#
#.........####.##.# #.#.
...#..............##.# #...
#............######.###..#
####$.......########.##...#
...$$......................
.####....#########........#
.....##.....#.....#....###


You could see a centaur, a hobgoblin and a goblin.

Vanquished Creatures
  Robin (D:3)
  An adder (D:3)
  2 worms (D:2)
  2 leopard geckos
  A ball python (D:2)
  9 bats
  2 giant cockroaches (D:1)
  6 goblins
  8 hobgoblins
  9 jackals
  A quokka (D:2)
  5 frilled lizards
  11 kobolds
  4 rats
62 creatures vanquished.

Notes
Turn   | Place    | Note
-------+----------+-------------------------------------------
     0 | D:1      | Banto the Octopode Earth Elementalist began the quest for the Orb.
     0 | D:1      | Reached XP level 1. HP: 11/11 MP: 3/3
    11 | D:1      | Reached skill level 3 in Stealth
   286 | D:1      | Reached XP level 2. HP: 8/17 MP: 0/5
   945 | D:1      | Reached XP level 3. HP: 20/21 MP: 6/6
  1027 | D:1      | Learned a level 2 spell: Passwall
  1031 | D:1      | Learned a level 3 spell: Stone Arrow
  1074 | D:1      | Reached skill level 4 in Stealth
  1109 | D:1      | You fall through a shaft!
  1862 | D:2      | Reached XP level 4. HP: 27/27 MP: 7/7
  2036 | D:3      | Found a hide-covered altar of Uskayaw.
  2302 | D:3      | Noticed a centaur
  2390 | D:3      | Noticed Robin
  2470 | D:3      | Killed Robin
  2470 | D:3      | Reached skill level 5 in Stealth
  2674 | D:3      | Shot with an arrow by a centaur

Vault maps used:
D:1:      dpeg_arrival_chambers_temple_mockup, minmay_misc_feat_plants
D:3:      nicolae_overflow_hidden_temple, serial_corexii_hall,
          corexii_hall_statues_t, corexii_hall_statues_x, uniq_robin

Skill      XL: |  1  2  3  4 |
---------------+-------------+-----
Stealth        | 3 4 5 |  5.1
Earth Magic    | 4 |  4.2
Dodging        | |  2.0
Spellcasting   | |  2.0
Transmutations | |  1.0

Action                   |  1- 3 |  4- 6 || total
-------------------------+-------+-------++-------
Melee: Dagger            |    50 |    44 ||    94
       Unarmed           |     2 |       ||     2
       Constrict         |    24 |    11 ||    35
       Short sword       |    22 |       ||    22
       Tentacles         |    12 |     5 ||    17
       Whip              |     4 |       ||     4
 Cast: Sandblast         |    19 |     6 ||    25
       Passwall          |     1 |       ||     1
  Use: Scroll            |     1 |     6 ||     7
 Stab: Sleeping          |    13 |     3 ||    16
  Eat: Chunk             |     3 |     3 ||     6
Armor: Skin              |     6 |    14 ||    20
Dodge: Dodged            |    51 |    42 ||    93

Table legend:
 A = Spawn XP
 B = Non-spawn XP
 C = Spawn XP percentage of total XP
 D = Spawn monster count
 E = Non-spawn monster count
 F = Spawn count percentage of total count
 G = Total turns spent on level
                    A         B        C        D         E        F      G
               +---------+---------+-------+---------+---------+-------+---------
         Total |       0 |     136 |   0.0 |       0 |      62 |   0.0 |  2674
               +---------+---------+-------+---------+---------+-------+---------
           D:1 |       0 |      40 |   0.0 |       0 |      24 |   0.0 |  1109
           D:2 |       0 |      43 |   0.0 |       0 |      22 |   0.0 |   821
           D:3 |       0 |      53 |   0.0 |       0 |      16 |   0.0 |   744
               +---------+---------+-------+---------+---------+-------+---------

Table legend:
 A = Turns spent in this place as a percentage of turns spent in the entire game.
 B = Non-inter-level travel turns spent in this place as a percentage of non-inter-level travel turns spent in the entire game.
 C = Inter-level travel turns spent in this place as a percentage of turns spent in this place.
 D = Turns resting spent in this place as a percentage of non-inter-level travel turns spent in this place.
 E = Turns spent auto-exploring this place as a percentage of non-inter-level travel turns spent in this place.
 F = Non-inter-level travel turns spent in this place divided by the number of levels of this place that you've seen.
                   A       B       C       D       E      F
               +-------+-------+-------+-------+-------+----------------------
         Total | 100.0 | 100.0 |   0.4 |  43.0 |  36.2 | 887.7
       Dungeon | 100.0 | 100.0 |   0.4 |  43.0 |  36.2 | 887.7
               +-------+-------+-------+-------+-------+----------------------

Table legend:
 A = Kills in this place as a percentage of kills in entire the game.
 B = Kills by you in this place as a percentage of kills by you in the entire game.
 C = Kills by friends in this place as a percentage of kills by friends in the entire game.
 D = Other kills in this place as a percentage of other kills in the entire game.
 E = Experience gained in this place as a percentage of experience gained in the entire game.
 F = Experience gained in this place divided by the number of levels of this place that you have seen.
                   A       B       C       D       E      F
               +-------+-------+-------+-------+-------+----------------------
         Total | 100.0 | 100.0 |   N/A |   N/A | 100.0 |  45.3
       Dungeon | 100.0 | 100.0 |   N/A |   N/A | 100.0 |  45.3
               +-------+-------+-------+-------+-------+----------------------
